 Dungeon Crawl Stone Soup version 0.26.0-15-gc6cd9f7 (webtiles) character file.

Game seed: 8684142812342978061

140291 PublicAnimeNo1 the Martial Artist (level 17, -1/133 HPs)
             Began as a Gnoll Transmuter on Jan 19, 2021.
             Was an Initiate of Gozag.
             Killed from afar by a naga ritualist (14 damage)
             ... with a lance of force
             ... on level 4 of the Snake Pit on Jan 20, 2021.
             The game lasted 01:40:06 (38072 turns).

PublicAnimeNo1 the Martial Artist (GnTm)           Turns: 38072, Time: 01:40:07

Health: -1/133     AC: 26    Str: 18    XL:     17   Next: 30%
Magic:  26/33      EV: 20    Int: 21    God:    Gozag
Gold:   1454       SH: 18    Dex: 23    Spells: 6/40 levels left

rFire    + + +     SeeInvis +     - Unarmed
rCold    + . .     Faith    .   B - +0 kite shield {rF+}
rNeg     + + .     Spirit   .   C - +6 scale mail of the Thunderstorm {rCorr}
rPois    .         Reflect  +   e - +2 helmet {SInv}
rElec    +         Harm     .   Z - +1 cloak of Starlight {*Dazzle EV+4 Stlth--}
rCorr    +         Rampage  .   Q - +2 pair of gloves {Str+3}
Will     +....                  o - +1 pair of boots
Stlth    ++........             a - amulet of reflection
HPRegen  0.32/turn              z - ring "Uciugeum" {Wiz Dex+6 SInv}
MPRegen  0.23/turn              p - ring of the Princess {*Slow rElec rPois rN++ Int+2}

@: mighty, brilliant, lethally poisoned (-1 -> -41), about to teleport,
resistant, poison vulnerable, gold aura, frozen ramparts, hasted and slowed,
constricted
A: distributed training, fangs 1, slimy green scales 1, deformed body, fire
resistance 1, poison resistance, strong nose
a: Renounce Religion, Potion Petition, Call Merchant, Bribe Branch


You were on level 4 of the Snake Pit.
You worshipped Gozag.
Gozag was most pleased with you.
You visited 4 branches of the dungeon, and saw 27 of its levels.
You also visited: Ossuary, Bailey, Gauntlet, Ice Cave and Volcano.

You collected 11227 gold pieces.
You spent 5196 gold pieces at shops.
You paid 4577 gold pieces to Gozag.

Inventory:

Missiles
 K - 17 silver javelins
 L - 2 throwing nets
Armour
 e - a +2 helmet of see invisible (worn)
 o - a +1 pair of boots (worn)
 B - a +0 kite shield of fire resistance (worn)
 C - the +6 scale mail of the Thunderstorm (worn) {rCorr}
   (You bought it in a shop on level 2 of the Orcish Mines)

   It provides partial protection from all sources of acid and corrosion.
 Q - a +2 pair of gloves of strength (worn)
 Z - the +1 cloak of Starlight (worn) {*Dazzle EV+4 Stlth--}
   (You bought it in a shop on level 15 of the Dungeon)

   It affects your evasion (+4).
   It makes you much less stealthy.
Magical Staves
 U - an uncursed staff of conjuration
 Y - an uncursed staff of fire
Jewellery
 a - an amulet of reflection (around neck)
 p - the ring of the Princess (right hand) {*Slow rElec rPois rN++ Int+2}
   (You bought it in a shop on level 1 of the Snake Pit)

   [ring of poison resistance]

   It affects your intelligence (+2).
   It insulates you from electricity.
   It protects you from poison.
   It greatly protects you from negative energy.
   It may slow you when you take damage.
 z - the ring "Uciugeum" (left hand) {Wiz Dex+6 SInv}
   (You found it in a Gauntlet)

   [ring of wizardry]

   It improves your spell success rate.
   It affects your dexterity (+6).
   It lets you see invisible.
 E - a +4 ring of protection
Wands
 n - a wand of paralysis (18)
 r - a wand of acid (33)
 w - a wand of enslavement (17)
 y - a wand of iceblast (48)
 N - a wand of flame (39)
 O - a wand of disintegration (15)
 V - a wand of digging (3)
Scrolls
 f - 11 scrolls of teleportation
 i - 5 scrolls of enchant weapon
 j - 2 scrolls of enchant armour
 k - 17 scrolls of remove curse
 v - a scroll of holy word
 A - 3 scrolls of fog
 H - 9 scrolls of identify
 I - 5 scrolls of fear
 M - 3 scrolls of amnesia
 P - 2 scrolls of summoning
 T - 3 scrolls of blinking
Potions
 b - a potion of invisibility
 c - 3 potions of haste
 d - 2 potions of might
 g - 3 potions of heal wounds
 h - 6 potions of lignification
 l - 15 potions of curing
 m - 4 potions of brilliance
 q - 4 potions of flight
 s - a potion of ambrosia
 t - 4 potions of attraction
 D - 4 potions of resistance
 G - 4 potions of mutation
 J - a potion of cancellation
 R - a potion of berserk rage
 W - a potion of magic
Miscellaneous
 u - a condenser vane
 x - a box of beasts


   Skills:
 + Level 11.7 Fighting
 + Level 11.4 Short Blades
 + Level 11.4 Long Blades
 + Level 11.4 Axes
 + Level 11.4 Maces & Flails
 + Level 11.4 Polearms
 + Level 11.4 Staves
 + Level 11.4 Slings
 + Level 11.4 Bows
 + Level 11.4 Crossbows
 + Level 11.4 Throwing
 + Level 11.4 Armour
 + Level 12.2 Dodging
 + Level 11.4 Stealth
 + Level 11.4 Shields
 + Level 12.9 Unarmed Combat
 + Level 12.3 Spellcasting
 + Level 9.7 Conjurations
 + Level 9.7 Hexes
 + Level 9.7 Summonings
 + Level 9.7 Necromancy
 + Level 9.7 Translocations
 + Level 10.4 Transmutations
 + Level 9.7 Fire Magic
 + Level 9.7 Ice Magic
 + Level 9.7 Air Magic
 + Level 9.7 Earth Magic
 + Level 9.7 Poison Magic
 + Level 12.3 Invocations
 + Level 11.4 Evocations


You had 6 spell levels left.
You knew the following spells:

 Your Spells              Type           Power        Failure   Level
a - Summon Lightning Spi  Summ/Air       69%          1%          4
b - Wereblood             Tmut           71%          1%          2
c - Blink                 Tloc           N/A          1%          2
d - Frozen Ramparts       Ice            100%         1%          3
e - Pain                  Necr           100%         1%          1
f - Blade Hands           Tmut           35%          3%          5
g - Dispel Undead         Necr           69%          1%          4
h - Petrify               Tmut/Erth      70%          1%          4
i - Passwall              Tmut/Erth      58%          1%          2
x - Ignite Poison         Fire/Tmut/Pois 70%          1%          3
z - Olgreb's Toxic Radia  Pois           69%          1%          4

Your spell library contained the following spells:

 Spells                   Type           Power        Failure   Level
 Animate Skeleton         Necr           100%         1%          1
 Apportation              Tloc           100%         1%          1
 Beastly Appendage        Tmut           100%         1%          1
 Freeze                   Ice            100%         1%          1
 Magic Dart               Conj           100%         1%          1
 Sandblast                Erth           100%         1%          1
 Sting                    Tmut/Pois      100%         1%          1
 Summon Small Mammal      Summ           100%         1%          1
 Call Imp                 Summ           69%          1%          2
 Corpse Rot               Necr/Air       N/A          1%          2
 Slow                     Hex            69%          1%          2
 Sublimation of Blood     Necr           34%          1%          2
 Call Canine Familiar     Summ           69%          1%          3
 Confusing Touch          Hex            69%          1%          3
 Conjure Flame            Conj/Fire      69%          1%          3
 Gell's Gravitas          Tloc           34%          1%          3
 Lesser Beckoning         Tloc           34%          1%          3
 Mephitic Cloud           Conj/Pois/Air  69%          1%          3
 Ozocubu's Armour         Ice            69%          1%          3
 Portal Projectile        Hex/Tloc       100%         1%          3
 Spider Form              Tmut/Pois      35%          1%          3
 Stone Arrow              Conj/Erth      100%         1%          3
 Summon Guardian Golem    Hex/Summ       69%          1%          3
 Tukima's Dance           Hex            69%          1%          3
 Vampiric Draining        Necr           34%          1%          3
 Animate Dead             Necr           34%          1%          4
 Hailstorm                Conj/Ice       69%          1%          4
 Ice Form                 Ice/Tmut       70%          1%          4
 Summon Ice Beast         Ice/Summ       69%          1%          4
 Alistair's Intoxication  Tmut/Pois      46%          3%          5
 Yara's Violent Unravell  Hex/Tmut       35%          3%          5
 Agony                    Necr           69%          4%          5
 Excruciating Wounds      Necr           34%          4%          5
 Fireball                 Conj/Fire      34%          4%          5
 Lee's Rapid Deconstruct  Erth           34%          4%          5
 Metabolic Englaciation   Hex/Ice        34%          4%          5
 Eringya's Noxious Bog    Tmut/Pois      35%          19%         6
 Statue Form              Tmut/Erth      46%          19%         6
 Dispersal                Tloc           34%          22%         6
 Freezing Cloud           Conj/Ice/Air   34%          22%         6
 Invisibility             Hex            69%          22%         6
 Iron Shot                Conj/Erth      34%          22%         6
 Ozocubu's Refrigeration  Ice            34%          22%         6
 Simulacrum               Ice/Necr       34%          22%         6
 Starburst                Conj/Fire      34%          22%         6
 Disjunction              Tloc           34%          100%        8
 Ignition                 Fire           34%          100%        8


Dungeon Overview and Level Annotations

Branches:
Dungeon (15/15)            Temple (0/1) D:5            Lair (6/6) D:10
  Swamp (0/4) Lair:2        Snake (4/4) Lair:2        Slime (0/5) Lair:5
    Orc (2/2) D:10            Elf (0/3) Orc:2        Vaults (0/5) D:14
 Depths (0/5) D:15        Ossuary (visited)          Bailey (visited)
  IceCv (visited)         Volcano (visited)         Gauntlet (visited)

Altars:
Ashenzari
Dithmenos
Gozag
Nemelex Xobeh
Qazlal
Ru
The Shining One
Jiyva

Shops:
D:4 *   D:7 ?   D:9 *   D:10 [[   D:11 (   D:15 *[   Orc:2 *([*?(:[
Snake:1 =}=

Annotations:
D:12 1 runed translucent door, Hienro's ghost, journeyman GnWn
Lair:3 3 runed translucent doors, exclusion: 2 oklob plants, Deesahac's ghost, journeyman BaFi; Fuxod's ghost, journeyman GnWn


Innate Abilities, Weirdness & Mutations

Your experience applies equally to all skills.
You have very sharp teeth.
Your uncanny sense of smell can sniff out nearby items.
You are partially covered in slimy green scales. (AC +2)
Armour fits poorly on your strangely shaped body.
Your flesh is heat resistant. (rF+)
Your system is resistant to poisons. (rPois)


Message History

The wall freezes the anaconda.
The anaconda seems to slow down.
You block the anaconda's attack. The anaconda constricts you.
The naga mage points at you and mumbles some strange words.
The bolt of poison hits you!
You are more poisoned.
* * * LOW HITPOINT WARNING * * *
You block the salamander mystic's attack.
The wall freezes the mana viper!
You kill the mana viper!
The salamander is frozen!
The wall freezes the salamander!
You block the salamander's attack. The nagaraja spits poison at you.
The splash of poison reflects off an invisible shield around you!
The splash of poison hits the nagaraja.
The wall freezes the black mamba!
You kill the black mamba!
The wall freezes the naga ritualist!
The naga ritualist points at you and mumbles some strange words.
The lance of force hits you!
You die...
Your body crumbles into a pile of gold.

## #####. ##### ######
#.....###...###......
..................... .
.......................
...........))).........
...........#N####......
N..........#NNS$# .....
...........#NNN@#SN....
...........#.NN$NSS.N..
###+##.....#..N.#$S....
#.....#....#NNN.<.
#.....###### .....
#...... ..... ∆
#....... .... #........
.N.. $


You could see a naga warrior, a nagaraja (catching breath), a salamander mystic
(summoned), 3 salamanders, an anaconda (summoned, slow), 2 naga ritualists, a
mana viper (slow), a guardian serpent, a black mamba (slow), 4 naga magi and 3
nagas.

Vanquished Creatures
  Agnes (D:14)
  A nagaraja (Snake:3)
  Nessos (Lair:5)
  A minotaur (Gauntlet)
  Josephine (Orc:1)
  A slime creature (D:14)
  3 hydras
  3 vault guards (D:14)
  4 boulder beetles
  Harold (D:8)
  7 naga warriors
  An ice dragon (Lair:6)
  3 centaur warriors
  2 catoblepae
  Erica (D:8)
  10 anacondas
  2 ogre magi (D:15)
  A death knight (D:13)
  19 two-headed ogres
  2 tengu warriors
  4 orc high priests
  4 naga sharpshooters (Snake:1)
  4 shock serpents
  Sonja (Orc:1)
  Nergalle (Orc:1)
  A salamander mystic (Snake:4)
  2 unseen horrors
  3 skeletal warriors (D:15)
  A bog body (Lair:2)
  A naga ritualist (Snake:3)
  2 wizards (D:15)
  5 orc knights
  A lindwurm (Lair:6)
  Pikel (D:6)
  6 mana vipers
  2 deep elf magi
  A necromancer (IceCv)
  6 orc sorcerers
  6 salamanders
  A manticore (D:12)
  6 ugly things
  3 cyclopes
  3 elephants (Lair:2)
  A moth of wrath (Gauntlet)
  Maurice (D:10)
  18 black mambas
  3 guardian serpents
  An ice statue (IceCv)
  5 naga magi
  5 torpor snails (Lair:6)
  A gargoyle (D:13)
  A minotaur zombie (Gauntlet)
  9 cane toads
  3 centaur skeletons
  12 komodo dragons
  Maggie (D:6)
  A rime drake (Lair:6)
  4 kobold demonologists
  An efreet (D:13)
  A yaktaur (D:14)
  10 freezing wraiths (IceCv)
  2 tengu conjurers
  3 polar bears
  8 trolls
  A wolf spider simulacrum (IceCv)
  8 hornets
  4 tyrant leeches (Lair:6)
  16 blink frogs
  4 dream sheep (Lair:4)
  3 shadows
  5 wyverns
  4 basilisks
  A vampire (D:13)
  10 wraiths
  64 yaks
  A fire bat (Volcano)
  8 humans (D:14)
  11 vampire mosquitoes
  Menkaure (D:6)
  A harpy simulacrum (Gauntlet)
  16 nagas
  13 water moccasins
  2 hell hounds (Volcano)
  A soldier ant (D:9)
  28 orc warriors
  An alligator simulacrum (IceCv)
  6 black bears
  7 ice beasts
  A necrophage (D:5)
  14 ogres
  3 sky beasts
  A meliai simulacrum (Gauntlet)
  16 wolves
  4 phantoms
  18 centaurs
  2 lemures (D:6)
  4 big kobolds (D:13)
  17 bullfrogs
  A cane toad simulacrum (Gauntlet)
  2 scorpions
  9 killer bees
  5 wights (D:10)
  3 howler monkeys
  3 electric eels
  5 draconian simulacra (IceCv)
  8 hounds
  6 jellies
  3 quasits
  A bullfrog zombie (D:8)
  21 orc priests
  5 centaur zombies
  25 orc wizards
  6 bullfrog skeletons
  Jessica (D:3)
  9 iguanas
  7 hell rats (Lair:5)
  7 troll simulacra (IceCv)
  12 worker ants
  2 spriggan simulacra (IceCv)
  2 wolf simulacra (IceCv)
  2 ogre zombies (Ossuary)
  A bullfrog simulacrum (Gauntlet)
  3 centaur simulacra
  A human simulacrum (D:14)
  7 mummies (Ossuary)
  A hound skeleton (D:7)
  8 gnolls
  12 adders
  4 naga simulacra (IceCv)
  2 ogre simulacra (IceCv)
  4 shadow imps
  24 white imps
  4 ufetubi
  2 oozes (D:1)
  4 adder zombies (Ossuary)
  A worm (D:5)
  A dart slug (D:4)
  5 leopard geckos
  65 orcs
  8 bats
  5 giant cockroaches
  11 goblins
  7 hobgoblins
  2 jackals (D:4)
  3 quokkas
  A ball python (D:2)
  5 frilled lizards
  2 gnoll zombies (Ossuary)
  2 goblin zombies (Ossuary)
  3 hobgoblin zombies (Ossuary)
  2 jackal skeletons
  23 kobolds
  5 kobold zombies (Ossuary)
  7 quokka zombies
  9 rats
  3 rat zombies (Ossuary)
909 creatures vanquished.

Vanquished Creatures (collateral kills)
  Fannar (Orc:1)
  4 blink frogs (Lair:6)
  A shadow (D:14)
  A wraith (Orc:1)
  A yak (Lair:6)
  2 wargs (Orc:1)
  2 orc warriors (Orc:1)
  An ogre (Orc:1)
  An orc priest (Orc:1)
  2 orc wizards (Orc:1)
  4 orcs
  A bush (Lair:6)
21 creatures vanquished.

Vanquished Creatures (others)
  An orc knight (Orc:2)
  A salamander (Snake:4)
  An orc warrior (Orc:1)
  A human (D:14)
  A centaur (D:15)
  A human simulacrum (D:14)
  2 white imps (D:15)
  20 fungi
  71 plants
99 creatures vanquished.

Grand Total: 1029 creatures vanquished

Notes
Turn   | Place    | Note
-------+----------+-------------------------------------------
     0 | D:1      | PublicAnimeNo1 the Gnoll Transmuter began the quest for the
                  | Orb.
     0 | D:1      | Reached XP level 1. HP: 17/17 MP: 6/6
     2 | D:1      | Noticed an ogre
     2 | D:1      | Noticed a tengu
     4 | D:1      | Noticed a gargoyle
     4 | D:1      | Noticed a formicid
     6 | D:1      | Noticed an octopode
     6 | D:1      | Noticed a spriggan
     8 | D:1      | Noticed a draconian
     8 | D:1      | Noticed a vine stalker
    10 | D:1      | Noticed a halfling
    10 | D:1      | Noticed a troll
    12 | D:1      | Noticed a demonspawn
    12 | D:1      | Noticed a merfolk
    14 | D:1      | Noticed a ghoul
    14 | D:1      | Noticed a dwarf
    16 | D:1      | Noticed a demigod
    16 | D:1      | Noticed a centaur
    18 | D:1      | Noticed an elf
    20 | D:1      | Noticed a vampire
    22 | D:1      | Noticed a naga
    24 | D:1      | Noticed a felid
    27 | D:1      | Noticed a minotaur
    27 | D:1      | Noticed a human
    59 | D:1      | Reached XP level 2. HP: 23/23 MP: 5/7
   220 | D:1      | Learned a level 2 spell: Wereblood
   528 | D:1      | Reached skill level 5 in Spellcasting
   528 | D:1      | Reached XP level 3. HP: 28/28 MP: 6/9
   766 | D:2      | Reached skill level 1 in Invocations
   890 | D:2      | Reached skill level 1 in Short Blades
   890 | D:2      | Reached skill level 1 in Long Blades
   890 | D:2      | Reached skill level 1 in Axes
   890 | D:2      | Reached skill level 1 in Maces & Flails
   890 | D:2      | Reached skill level 1 in Polearms
   890 | D:2      | Reached skill level 1 in Staves
   890 | D:2      | Reached skill level 1 in Slings
   890 | D:2      | Reached skill level 1 in Bows
   890 | D:2      | Reached skill level 1 in Crossbows
   890 | D:2      | Reached skill level 1 in Throwing
   890 | D:2      | Reached skill level 1 in Armour
   890 | D:2      | Reached skill level 1 in Stealth
   890 | D:2      | Reached skill level 1 in Shields
   890 | D:2      | Reached skill level 1 in Evocations
  1070 | D:3      | Reached XP level 4. HP: 30/34 MP: 9/11
  1252 | D:3      | Reached skill level 1 in Conjurations
  1252 | D:3      | Reached skill level 1 in Hexes
  1252 | D:3      | Reached skill level 1 in Summonings
  1252 | D:3      | Reached skill level 1 in Necromancy
  1252 | D:3      | Reached skill level 1 in Translocations
  1252 | D:3      | Reached skill level 1 in Fire Magic
  1252 | D:3      | Reached skill level 1 in Ice Magic
  1252 | D:3      | Reached skill level 1 in Air Magic
  1252 | D:3      | Reached skill level 1 in Earth Magic
  1252 | D:3      | Reached skill level 1 in Poison Magic
  1265 | D:3      | Found an opulent altar of Gozag.
  1266 | D:3      | Noticed a centaur
  1277 | D:3      | Killed a centaur
  1278 | D:3      | Reached XP level 5. HP: 41/41 MP: 10/12
  1298 | D:3      | Became a worshipper of Gozag Ym Sagoz the Greedy
  1316 | D:3      | Noticed Jessica
  1328 | D:3      | Killed Jessica
  1511 | D:3      | Reached XP level 6. HP: 47/47 MP: 13/13
  2157 | D:4      | Reached skill level 5 in Dodging
  2408 | D:3      | Learned a level 3 spell: Spider Form
  2449 | D:4      | Found Kiodis's General Store.
  2467 | D:4      | Bought a scroll of identify for 26 gold pieces
  2467 | D:4      | Bought a scroll of identify for 26 gold pieces
  2467 | D:4      | Bought a scroll of identify for 26 gold pieces
  2661 | D:4      | Reached XP level 7. HP: 52/52 MP: 11/15
  2763 | D:5      | Entered Level 5 of the Dungeon
  2926 | D:5      | Found a staircase to the Ecumenical Temple.
  3440 | D:5      | Reached XP level 8. HP: 60/60 MP: 13/16
  4139 | D:6      | Learned a level 4 spell: Ice Form
  4754 | D:6      | Noticed Maggie
  4775 | D:6      | Killed Maggie
  4918 | D:6      | Noticed Menkaure
  4922 | D:6      | Killed Menkaure
  4923 | D:6      | Reached skill level 5 in Transmutations
  4923 | D:6      | Reached XP level 9. HP: 66/66 MP: 18/18
  5021 | D:6      | Noticed Pikel
  5058 | D:6      | Killed Pikel
  5059 | D:6      | Reached skill level 5 in Fighting
  5698 | D:7      | Got a bloodstained spear
  5712 | D:7      | Found a sand-covered staircase.
  5726 | Ossuary  | Entered an ossuary
  5727 | Ossuary  | Identified the +1 spear of Nurghy {drain, rN++ Int+3 Dex+4}
                  | (You found it on level 7 of the Dungeon)
  6595 | D:7      | Reached skill level 5 in Invocations
  6627 | D:7      | Found a stormy altar of Qazlal.
  6629 | D:7      | Found a broken altar of Ashenzari.
  6629 | D:7      | Found a sparkling altar of Nemelex Xobeh.
  6631 | D:7      | Found a shadowy altar of Dithmenos.
  7093 | D:7      | Reached XP level 10. HP: 74/74 MP: 17/20
  7139 | D:7      | Found Riumuumn's Magic Scroll Emporium.
  7330 | D:7      | Got a crude robe
  7549 | D:8      | Noticed Harold
  7624 | D:8      | Reached skill level 5 in Short Blades
  7624 | D:8      | Reached skill level 5 in Long Blades
  7624 | D:8      | Reached skill level 5 in Axes
  7624 | D:8      | Reached skill level 5 in Maces & Flails
  7624 | D:8      | Reached skill level 5 in Polearms
  7624 | D:8      | Reached skill level 5 in Staves
  7624 | D:8      | Reached skill level 5 in Slings
  7624 | D:8      | Reached skill level 5 in Bows
  7624 | D:8      | Reached skill level 5 in Crossbows
  7624 | D:8      | Reached skill level 5 in Throwing
  7624 | D:8      | Reached skill level 5 in Armour
  7624 | D:8      | Reached skill level 5 in Stealth
  7624 | D:8      | Reached skill level 5 in Shields
  7624 | D:8      | Reached skill level 5 in Evocations
  7839 | D:8      | Noticed a two-headed ogre
  7850 | D:8      | Killed a two-headed ogre
  8427 | D:8      | Killed Harold
  8740 | D:8      | Noticed Erica
  9512 | D:9      | Learned a level 3 spell: Vampiric Draining
  9512 | D:9      | Identified the cursed +1 robe of the Salmon {rF- Dex+4}
                  | (You found it on level 7 of the Dungeon)
  9633 | D:9      | Found Untecus's Changing Room.
  9782 | D:9      | Reached XP level 11. HP: 60/83 MP: 7/22
 10592 | D:10     | Entered Level 10 of the Dungeon
 10657 | D:10     | Noticed a boulder beetle
 10663 | D:10     | Reached skill level 5 in Conjurations
 10663 | D:10     | Reached skill level 5 in Hexes
 10663 | D:10     | Reached skill level 5 in Summonings
 10663 | D:10     | Reached skill level 5 in Necromancy
 10663 | D:10     | Reached skill level 5 in Translocations
 10663 | D:10     | Reached skill level 5 in Fire Magic
 10663 | D:10     | Reached skill level 5 in Ice Magic
 10663 | D:10     | Reached skill level 5 in Air Magic
 10663 | D:10     | Reached skill level 5 in Earth Magic
 10663 | D:10     | Reached skill level 5 in Poison Magic
 10681 | D:10     | Killed a boulder beetle
 11026 | D:10     | Found a staircase to the Orcish Mines.
 11257 | D:10     | Gained mutation: Your system is resistant to poisons.
                  | (rPois) [potion of mutation]
 11257 | D:10     | Gained mutation: You are partially covered in slimy green
                  | scales. (AC +2) [potion of mutation]
 11257 | D:10     | Gained mutation: Your flesh is heat resistant. (rF+)
                  | [potion of mutation]
 11323 | D:10     | Found Xuta's Antique Armour Emporium.
 11598 | D:10     | Found a staircase to the Lair.
 11711 | D:10     | Found Zaoggu's Armour Shoppe.
 11715 | D:10     | Noticed Maurice
 11731 | D:10     | Killed Maurice
 12145 | Lair:1   | Entered Level 1 of the Lair of Beasts
 12572 | Lair:1   | Reached XP level 12. HP: 53/91 MP: 11/24
 13385 | Lair:1   | Found a sacrificial altar of Ru.
 13695 | Lair:2   | Found a staircase to the Swamp.
 13846 | Lair:2   | Learned a level 1 spell: Pain
 14508 | Lair:2   | Found a staircase to the Snake Pit.
 14997 | Lair:3   | Reached skill level 10 in Unarmed Combat
 15249 | Lair:3   | Found a runed translucent gate.
 15249 | Lair:3   | Found a runed translucent gate.
 15249 | Lair:3   | Found a runed translucent gate.
 15249 | Lair:3   | Noticed Fuxod's ghost (journeyman GnWn)
 15250 | Lair:3   | Noticed Deesahac's ghost (journeyman BaFi)
 16568 | Lair:4   | Reached XP level 13. HP: 98/98 MP: 23/26
 17810 | Lair:5   | Noticed Nessos
 18194 | Lair:5   | Found a viscous altar of Jiyva.
 18194 | Lair:5   | Found a staircase to the Slime Pits.
 18232 | Lair:5   | Got an ancient spear
 18247 | Lair:5   | Identified the +6 spear of Karma {pain, Dex+3} (You found
                  | it on level 5 of the Lair of Beasts)
 18923 | Lair:5   | Killed Nessos
 19900 | Lair:6   | Entered Level 6 of the Lair of Beasts
 19923 | Lair:6   | Found a dark tunnel.
 19947 | Volcano  | Entered a volcano
 19954 | Volcano  | Learned a level 5 spell: Blade Hands
 20386 | Lair:6   | Reached skill level 10 in Spellcasting
 20749 | Lair:6   | Found a runed translucent door.
 20749 | Lair:6   | Noticed an ice dragon
 20774 | Lair:6   | Paralysed by a hornet for 3 turns
 21288 | Lair:6   | Reached XP level 14. HP: 108/108 MP: 28/28
 21480 | Lair:6   | Reached skill level 10 in Dodging
 22708 | Lair:6   | Learned a level 4 spell: Dispel Undead
 23599 | D:8      | Killed Erica
 23743 | D:11     | Learned a level 4 spell: Petrify
 23785 | D:11     | You fall into a shaft and drop 2 floors!
 23967 | D:12     | Found a glowing golden altar of the Shining One.
 24016 | D:12     | Reached skill level 10 in Invocations
 24356 | D:12     | Found a runed translucent door.
 24358 | D:12     | Noticed Hienro's ghost (journeyman GnWn)
 24362 | D:12     | Identified the +8 spear of the Big Bang {flame, Str+3
                  | Int+2}
 24705 | D:12     | Learned a level 2 spell: Passwall
 25738 | D:11     | Found Isofob's Weapon Boutique.
 25928 | Orc:1    | Entered Level 1 of the Orcish Mines
 25928 | Orc:1    | Noticed Fannar
 25945 | Orc:1    | Killed Fannar
 26251 | Orc:1    | Noticed Nergalle
 26262 | Orc:1    | Killed Nergalle
 26288 | Orc:1    | Noticed Josephine
 26294 | Orc:1    | Killed Josephine
 26477 | Orc:1    | Found a flagged portal.
 26641 | Bailey   | Entered a bailey
 27107 | Orc:1    | Noticed Sonja
 27136 | Orc:1    | Killed Sonja
 27301 | Orc:2    | Entered Level 2 of the Orcish Mines
 27308 | Orc:2    | Reached skill level 10 in Fighting
 27497 | Orc:2    | Reached XP level 15. HP: 98/115 MP: 10/29
 27529 | Orc:2    | Found Ozabuck's Weapon Shoppe.
 27529 | Orc:2    | Found Totzuf's General Store.
 27529 | Orc:2    | Found Gotipif's Antique Armour Shoppe.
 27533 | Orc:2    | Bought a +2 helmet of see invisible for 301 gold pieces
 27555 | Orc:2    | Gained mutation: Armour fits poorly on your strangely
                  | shaped body. [mutagenic glow]
 27718 | Orc:2    | Found Puukhaegu's Magic Scroll Boutique.
 27733 | Orc:2    | Bought a faintly humming scale mail for 297 gold pieces
 27733 | Orc:2    | Bought a pair of runed gloves for 247 gold pieces
 27735 | Orc:2    | Bought a scroll of acquirement for 936 gold pieces
 27735 | Orc:2    | Bought a scroll of blinking for 135 gold pieces
 27735 | Orc:2    | Bought a scroll of teleportation for 54 gold pieces
 27735 | Orc:2    | Bought a scroll of blinking for 135 gold pieces
 27735 | Orc:2    | Acquired a book of Minor Magic
 27850 | Orc:2    | Learned a level 2 spell: Blink
 27877 | Orc:2    | Bought Sif Muna's Compendium of the Poisonous Volcanoes for
                  | 1008 gold pieces
 27882 | Orc:2    | Learned a level 4 spell: Olgreb's Toxic Radiance
 27886 | Orc:2    | Learned a level 3 spell: Ignite Poison
 27923 | Orc:2    | Found a staircase to the Elven Halls.
 28185 | Orc:2    | Identified the +6 scale mail of the Thunderstorm {rCorr}
                  | (You bought it in a shop on level 2 of the Orcish Mines)
 28732 | Orc:2    | Bought a hardcover book for 495 gold pieces
 29131 | D:13     | Learned a level 4 spell: Summon Lightning Spire
 29598 | D:13     | Reached skill level 10 in Short Blades
 29598 | D:13     | Reached skill level 10 in Long Blades
 29598 | D:13     | Reached skill level 10 in Axes
 29598 | D:13     | Reached skill level 10 in Maces & Flails
 29598 | D:13     | Reached skill level 10 in Polearms
 29598 | D:13     | Reached skill level 10 in Staves
 29598 | D:13     | Reached skill level 10 in Slings
 29598 | D:13     | Reached skill level 10 in Bows
 29598 | D:13     | Reached skill level 10 in Crossbows
 29598 | D:13     | Reached skill level 10 in Throwing
 29598 | D:13     | Reached skill level 10 in Armour
 29598 | D:13     | Reached skill level 10 in Stealth
 29598 | D:13     | Reached skill level 10 in Shields
 29598 | D:13     | Reached skill level 10 in Evocations
 31357 | D:14     | Found a gate to the Vaults.
 31531 | D:14     | Noticed Agnes
 31545 | D:14     | Killed Agnes
 31815 | D:14     | You fall into a shaft and drop 1 floor!
 31815 | D:15     | Entered Level 15 of the Dungeon
 31922 | D:15     | Found a gate leading to a gauntlet.
 31937 | Gauntlet | Entered a Gauntlet
 31937 | Gauntlet | Found a transporter.
 31947 | Gauntlet | Found a transporter.
 31948 | Gauntlet | Found a transporter.
 31952 | Gauntlet | Found a transporter.
 31957 | Gauntlet | Found a transporter.
 31959 | Gauntlet | Found a transporter.
 31960 | Gauntlet | Found a transporter.
 31968 | Gauntlet | Found a transporter.
 31971 | Gauntlet | Found a transporter.
 31972 | Gauntlet | Found a transporter.
 31980 | Gauntlet | Found a transporter.
 32149 | Gauntlet | Found a transporter.
 32149 | Gauntlet | Found a transporter.
 32169 | Gauntlet | Got a vibrating turquoise ring
 32170 | Gauntlet | Identified the ring "Uciugeum" {Wiz Dex+6 SInv} (You found
                  | it in a Gauntlet)
 32196 | Gauntlet | Found a runed translucent door.
 32197 | Gauntlet | Found a runed translucent door.
 32344 | Gauntlet | Identified Mutul's Catalogue of the Unstable Mountains
 32402 | D:15     | Reached XP level 16. HP: 91/124 MP: 26/31
 32439 | D:15     | Found an opulent altar of Gozag.
 32489 | D:15     | Found a frozen archway.
 32514 | IceCv    | Entered an ice cave
 32746 | IceCv    | Found an ancient bone altar of Kikubaaqudgha.
 33194 | D:15     | Learned a level 3 spell: Frozen Ramparts
 33545 | D:15     | Found Daymmu's Assorted Antiques.
 33918 | D:15     | Found Kemeuky's Armour Shop.
 33934 | D:15     | Bought the +1 cloak of Starlight {*Dazzle EV+4 Stlth--} for
                  | 457 gold pieces
 33934 | D:15     | Found the +1 cloak of Starlight {*Dazzle EV+4 Stlth--}
 34199 | D:15     | Reached skill level 10 in Transmutations
 34325 | D:15     | Found a staircase to the Depths.
 34506 | Snake:1  | Entered Level 1 of the Snake Pit
 34636 | Snake:1  | Found Otyoczie's Jewellery Shop.
 34636 | Snake:1  | Found Yrojycab's Gadget Shoppe.
 34637 | Snake:1  | Found Wazxy's Jewellery Shop.
 34646 | Snake:1  | Bought an uncursed amulet of reflection for 450 gold pieces
 34666 | Snake:1  | Bought the ring of the Princess {*Slow rElec rPois rN++
                  | Int+2} for 603 gold pieces
 36578 | Snake:3  | Noticed a nagaraja
 36589 | Snake:3  | Killed a nagaraja
 36945 | Snake:3  | Reached XP level 17. HP: 131/131 MP: 21/33
 37869 | Snake:4  | Entered Level 4 of the Snake Pit
 38072 | Snake:4  | Killed from afar by a naga ritualist

Illustrated notes

Levels and vault maps discovered:
D:1:      kb_arrival_jail, layout_rooms
D:2:      layout_rooms, st_stairs_14
D:3:      layout_loops_ring, nicolae_gozag_seed_capital, uniq_jessica
D:4:      layout_rooms, serial_shops, shop
D:5:      layout_basic, minmay_temple_entry_drinking_statues
D:6:      layout_cave_pools, uniq_menkaure, uniq_maggie, uniq_pikel
D:7:      layout_basic, chequers_temple_overflow_statue_of_worship,
          serial_shops, shop_scrolls, chequers_ossuary_entry_cave
D:8:      layout_basic, uniq_harold, uniq_erica
D:9:      layout_basic, minmay_door_square, grunt_decor_one_mirror,
          nicolae_transmutations_shop
D:10:     layout_roguey, david_lair_shrubbed, orc_0_dummy, serial_shops,
          shop_statue, shop, grunt_ministairs_3, uniq_maurice
D:11:     layout_basic, serial_shops,
          nicolae_shop_temple_entry_statues_fountains
D:12:     layout_gridville, basic_altar, ebering_ghost_funeral_grove
D:13:     layout_irregular_city
D:14:     layout_gridville, ximxim_vaults_locker_room, minmay_misc_feat_tiny,
          bh_circular_ruins, uniq_agnes
D:15:     grunt_enter_depths_magical_seal, layout_stronghold, serial_shops,
          shop, nicolae_shop_statue_plus, basic_altar,
          portal_ice_cave_entry_imps, gauntlet_entry_generic
Lair:1:   layout_small_grid, lemuel_altar_in_water2
Lair:2:   layout_regular_city, skrybe_swamp_entry_bodies,
          minmay_snake_entry_spellcaster, grunt_megastairs_1
Lair:3:   layout_gridlike, gammafunk_ghost_cemetery, minmay_lair_oklob_chamber,
          lemuel_fruit_tree, lemuel_fruit_fields
Lair:4:   layout_regular_city
Lair:5:   layout_layer_cave, slime_altar_1, uniq_nessos
Lair:6:   wormcave, layout_layer_cave, nicolae_volcano_entry_hallway,
          gammafunk_lair_bear_cave, serial_bayou_shore_a,
          infiniplex_staircase_pool
Snake:1:  layout_layer_cave, minmay_shop_grove, grunt_megastairs_3
Snake:2:  layout_onion_interference
Snake:3:  layout_chambers, grunt_megastairs_5
Snake:4:  johnstein_snake_rune_scales, layout_cave_town
Orc:1:    layout_caves, enter_bailey_2, uniq_nergalle, uniq_fannar,
          uniq_josephine, uniq_sonja
Orc:2:    st_orc_elflike, layout_diamond_mine, rock_pile

Skill      XL: |  1  2  3  4  5  6  7  8  9 10 11 12 13 14 15 16 |
---------------+-------------------------------------------------+-----
Spellcasting   | 5 6 7 8 9 10 11 12 | 12.3
Invocations    | 1 2 3 4 5 6 7 8 9 10 11 12 | 12.3
Short Blades   | 1 2 3 4 5 6 7 8 9 10 11 | 11.4
Long Blades    | 1 2 3 4 5 6 7 8 9 10 11 | 11.4
Axes           | 1 2 3 4 5 6 7 8 9 10 11 | 11.4
Maces & Flails | 1 2 3 4 5 6 7 8 9 10 11 | 11.4
Polearms       | 1 2 3 4 5 6 7 8 9 10 11 | 11.4
Staves         | 1 2 3 4 5 6 7 8 9 10 11 | 11.4
Slings         | 1 2 3 4 5 6 7 8 9 10 11 | 11.4
Bows           | 1 2 3 4 5 6 7 8 9 10 11 | 11.4
Crossbows      | 1 2 3 4 5 6 7 8 9 10 11 | 11.4
Throwing       | 1 2 3 4 5 6 7 8 9 10 11 | 11.4
Armour         | 1 2 3 4 5 6 7 8 9 10 11 | 11.4
Stealth        | 1 2 3 4 5 6 7 8 9 10 11 | 11.4
Shields        | 1 2 3 4 5 6 7 8 9 10 11 | 11.4
Evocations     | 1 2 3 4 5 6 7 8 9 10 11 | 11.4
Conjurations   | 1 2 3 4 5 6 7 8 9 |  9.7
Hexes          | 1 2 3 4 5 6 7 8 9 |  9.7
Summonings     | 1 2 3 4 5 6 7 8 9 |  9.7
Necromancy     | 1 2 3 4 5 6 7 8 9 |  9.7
Translocations | 1 2 3 4 5 6 7 8 9 |  9.7
Fire Magic     | 1 2 3 4 5 6 7 8 9 |  9.7
Ice Magic      | 1 2 3 4 5 6 7 8 9 |  9.7
Air Magic      | 1 2 3 4 5 6 7 8 9 |  9.7
Earth Magic    | 1 2 3 4 5 6 7 8 9 |  9.7
Poison Magic   | 1 2 3 4 5 6 7 8 9 |  9.7
Fighting       | 3 4 5 6 7 8 9 10 11 | 11.7
Transmutations | 4 5 6 7 8 9 10 | 10.4
Dodging        | 5 6 7 8 9 10 11 12 | 12.2
Unarmed Combat | 7 8 9 10 11 12 | 12.9

Action                   |  1- 3 |  4- 6 |  7- 9 | 10-12 | 13-15 | 16-18 || total
-------------------------+-------+-------+-------+-------+-------+-------++-------
Melee: Unarmed           |    87 |    75 |   295 |   474 |   612 |   355 ||  1898
       Kick              |     8 |    14 |     6 |       |       |       ||    28
       Bite              |     4 |     4 |    19 |    11 |   152 |   120 ||   310
       Punch             |     2 |     3 |     4 |     8 |    80 |     4 ||   101
       Headbutt          |     3 |     8 |     3 |       |       |       ||    14
       Spear             |       |       |    66 |    63 |    28 |       ||   157
       Dagger            |       |       |       |       |   671 |       ||   671
       Quarterstaff      |       |       |       |       |     7 |       ||     7
       Scimitar          |       |       |       |       |     5 |       ||     5
       Staff             |       |       |       |       |     4 |   257 ||   261
Throw: Javelin           |       |       |       |       |     2 |    27 ||    29
 Cast: Beastly Appendage |    11 |    11 |     3 |       |       |       ||    25
       Spider Form       |       |     3 |    20 |    16 |     1 |       ||    40
       Ice Form          |       |       |    14 |    41 |    24 |       ||    79
       Pain              |       |       |       |    10 |       |       ||    10
       Wereblood         |       |       |       |     6 |     8 |       ||    14
       Blade Hands       |       |       |       |       |    28 |     7 ||    35
       Petrify           |       |       |       |       |    95 |    26 ||   121
       Olgreb's Toxic Ra |       |       |       |       |    25 |     9 ||    34
       Ignite Poison     |       |       |       |       |    21 |     2 ||    23
       Summon Lightning  |       |       |       |       |     4 |       ||     4
       Frozen Ramparts   |       |       |       |       |       |    17 ||    17
Invok: Potion Petition   |       |       |       |       |     1 |     1 ||     2
       Call Merchant     |       |       |       |       |     4 |       ||     4
 Abil: End Transformatio |       |       |       |     1 |     6 |     3 ||    10
Evoke: Wand              |       |       |     5 |    16 |    39 |     1 ||    61
       Box of beasts     |       |       |       |       |     4 |       ||     4
  Use: Scroll            |     1 |    13 |     5 |    14 |    18 |     4 ||    55
       Potion            |       |     1 |       |     9 |     2 |     2 ||    14
 Stab: Distracted        |     1 |       |     3 |     2 |    10 |    11 ||    27
       Sleeping          |       |     5 |    16 |    13 |    29 |     1 ||    64
       Paralysed         |       |       |     7 |       |    12 |       ||    19
       Petrified         |       |       |       |       |    50 |    26 ||    76
       Petrifying        |       |       |       |       |    40 |     9 ||    49
       Invisible         |       |       |       |       |     9 |     7 ||    16
Armor: Robe              |    20 |     6 |     5 |       |       |       ||    31
       Skin              |       |       |    12 |   100 |    38 |       ||   150
       Steam dragon scal |       |       |     9 |    18 |    35 |       ||    62
       Leather armour    |       |       |       |       |   114 |       ||   114
       Scale mail        |       |       |       |       |   137 |   150 ||   287
Dodge: Dodged            |    57 |    72 |   243 |   344 |   943 |   356 ||  2015
Block: Kite shield       |       |       |       |       |    62 |   355 ||   417
       Other             |       |       |       |       |       |    13 ||    13
       Reflection        |       |       |       |       |       |    21 ||    21
       Rpst.: Scimitar   |       |       |       |       |     2 |       ||     2
